 Dungeon Crawl Stone Soup version 0.17.0-28-g6e173f8 (webtiles) character file.

387930 root the Earth Mage (level 22, 0/172 HPs)
             Began as a Grey Draconian Fire Elementalist on Nov 14, 2015.
             Was the Champion of Qazlal.
             Killed from afar by a starcursed mass (5 damage)
             ... with an accursed screaming
             ... on level 1 of the Abyss on Nov 23, 2015.
             The game lasted 14:33:09 (76446 turns).

root the Earth Mage (DrFE)                         Turns: 76446, Time: 14:33:09

Health: 0/172      AC: 29    Str: 11      XL:     22   Next: 3%
Magic:  27/27      EV: 25    Int: 20 (22) God:    Qazlal [******]
Gold:   852        SH: 21    Dex: 16      Spells: 7 memorised, 18 levels left

rFire  . . .     SeeInvis +     a - staff of earth
rCold  . . .     Clarity  .     (armour unavailable)
rNeg   + . .     SustAt   .     E - +0 shield
rPois  +         Gourm    .     L - +0 hat
rElec  .         Spirit   .     n - +2 cloak {MR+}
rCorr  .         Warding  .     O - +3 pair of gloves of Daisies {rN+ Int+3}
rMut   +         Stasis   .     b - +0 pair of boots "Ecieciu" {MP-9 SInv Stlth+}
MR     ++...                    N - amulet of resist mutation
Stlth  +.........               I - ring of poison resistance
                                A - +5 ring of protection

@: very slightly contaminated, hasted, repel missiles, very quick, very
resistant to hostile enchantments, very unstealthy
A: walk through water, unfitting armour, hooves 1, dopey 1, unbreathing,
cold-blooded, AC +16
a: Upheaval, Elemental Force, Disaster Area, Renounce Religion
}: 2/15 runes: decaying, serpentine


You were on level 1 of the Abyss.
You worshipped Qazlal.
Qazlal was exalted by your worship.
You were full.

You visited 8 branches of the dungeon, and saw 44 of its levels.
You visited the Abyss 1 time.
You visited 1 bazaar.
You also visited: Bailey and Ice Cave.

You collected 4796 gold pieces.
You spent 3944 gold pieces at shops.

Inventory:

Missiles
 F - 16 throwing nets (quivered)
Armour
 b - the +0 pair of boots "Ecieciu" (worn) {MP-9 SInv Stlth+}
   (You acquired it in a bazaar)

   It affects your magic capacity (-9).
   It lets you see invisible.
   It makes you more stealthy.
 m - a +2 pair of gloves of strength
 n - a +2 cloak of magic resistance (worn)
 E - a +0 shield (worn)
 L - a +0 hat (worn)
 O - the +3 pair of gloves of Daisies (worn) {rN+ Int+3}
   (You found it on level 1 of the Abyss)

   It affects your intelligence (+3).
   It protects you from negative energy.
Magical Staves
 a - an uncursed staff of earth (weapon)
Rods
 z - a +8 rod of clouds (17/17)
   (You bought it in a shop on level 2 of the Orcish Mines)
Jewellery
 c - an uncursed ring of ice
 o - the ring of Xedgh {rN+ MP+9 Int-2 Dex+3}
   (You found it on level 8 of the Lair of Beasts)

   [ring of positive energy]

   It affects your intelligence (-2).
   It affects your dexterity (+3).
   It protects you from negative energy.
   It affects your magic capacity (+9).
 w - an uncursed ring of protection from fire
 A - a +5 ring of protection (left hand)
 C - an uncursed ring of protection from cold
 D - an uncursed ring of protection from fire
 I - a ring of poison resistance (right hand)
 J - an uncursed ring of protection from cold
 K - the amulet of Mysticism {Gourm +Blink rF+ rC+ Stlth-}
   (You found it on level 9 of the Dungeon)

   [amulet of the gourmand]

   It allows you to eat raw meat even when not hungry.
   It protects you from fire.
   It protects you from cold.
   It lets you blink.
   It makes you less stealthy.
 N - an amulet of resist mutation (around neck)
 T - an uncursed ring of sustain attributes
 X - a +2 ring of protection
Wands
 f - a wand of disintegration (7)
 r - a wand of digging (6)
 s - a wand of heal wounds (2)
 x - a wand of invisibility (1)
 y - a wand of paralysis (12)
 P - a wand of slowing (22)
Scrolls
 h - 14 scrolls of remove curse
 j - 5 scrolls of recharging
 l - 2 scrolls of teleportation
 p - 4 scrolls of fear
 u - 2 scrolls of blinking
 v - 2 scrolls of enchant armour
 B - 13 scrolls of identify
 H - 2 scrolls of amnesia
 S - a scroll of brand weapon
 W - 4 scrolls of magic mapping
 Y - a scroll of fog
Potions
 d - 7 potions of brilliance
 e - a potion of cure mutation
 g - 10 potions of curing
 k - 5 potions of flight
 q - 2 potions of cancellation
 M - 3 potions of resistance
 Q - a potion of magic
 U - 3 potions of haste
Miscellaneous
 t - a lamp of fire
 G - a phial of floods
 R - a fan of gales
 Z - a lamp of fire
Comestibles
 i - 58 fruits


   Skills:
 + Level 9.2 Fighting
 - Level 12.1 Staves
 + Level 17.4 Dodging
 - Level 1.8 Stealth
 - Level 15.1 Shields
 - Level 10.5 Spellcasting
 - Level 10.0 Conjurations
 - Level 10.0 Fire Magic
 + Level 18.3 Earth Magic
 - Level 6.0 Invocations
 + Level 16.8 Evocations


You had 18 spell levels left.
You knew the following spells:

 Your Spells              Type           Power        Failure   Level  Hunger
a - Flame Tongue          Conj/Fire      #####        1%          1    None
b - Conjure Flame         Conj/Fire      ######..     1%          3    None
c - Sticky Flame          Conj/Fire      ######..     1%          4    ##.....
d - Fireball              Conj/Fire      ######....   3%          5    ####...
e - Stoneskin             Trmt/Erth      ######..     1%          2    None
f - Bolt of Magma         Conj/Fire/Erth #######...   1%          5    ####...
g - Petrify               Trmt/Erth      ######..     1%          4    ##.....


Dungeon Overview and Level Annotations

Branches:
Dungeon (15/15)            Temple (0/1) D:6            Lair (8/8) D:9
  Swamp (4/4) Lair:5        Snake (4/4) Lair:4        Slime (2/6) Lair:6
    Orc (4/4) D:9             Elf (2/3) Orc:3        Vaults (4/5) D:13
  Crypt (0/3) Vaults:3     Depths (0/5) D:15

Altars:
Fedhas
Kikubaaqudgha
Makhleb
Okawaru
Qazlal
Ru
Sif Muna
Vehumet
Xom
Beogh

Shops:
Orc:2 ?[}   Orc:4 :*[(   Elf:2 *   Snake:3 =?*   Snake:4 (%   Vaults:2 :

Annotations:
D:9 exclusion: downstairs
D:10 exclusion: brain worm
D:15 exclusion: orange crystal statue
Swamp:4 1 exclusion
Slime:1 Dissolution


Innate Abilities, Weirdness & Mutations

You can walk through water.
Your dull iron-grey scales are very hard (AC +16).
Your body does not fit into most forms of armour.
You can survive without breathing.
You are cold-blooded and may be slowed by cold attacks.
You have large cloven feet.
You are dopey. (Int -2)


Message History

You hit the starcursed mass but do no damage.
You destroy the starcursed mass!
The smoke demon gestures at you. Something smites you!
* * * LOW HITPOINT WARNING * * *
The starcursed mass shrieks in your mind.
* * * LOW HITPOINT WARNING * * *
You hit the smoke demon but do no damage.
You tail-slap the smoke demon, but do no damage.
You hit the smoke demon but do no damage.
You crush the smoke demon!
The smoke demon is heavily wounded.
You block the smoke demon's attack.
The smoke demon hits you but does no damage. x2
A vampire comes into view.
You hit the smoke demon.
You kill the smoke demon!
Qazlal accepts your kill.
The starcursed mass shrieks in your mind.
You die...

### #
###.### #
##.##..##
#.#..##.#.#
#.#...#..#
#..§X#.#.#
#....#.###
#.##.@#.# #
#...## #
##.## #.
##V# # #
.##### #
.#X##....#
. # .. ##
X#X# ## # #


You could see a starcursed mass and a vampire.

Vanquished Creatures
  A bone dragon (Abyss:1)
  2 liches
  Jorgrun (Vaults:4)
  The ghost of Canard the Warrior, an adept TeBe of Trog (Vaults:2)
  A deep elf blademaster (Elf:2)
  A titan (Vaults:4)
  2 acid blobs (Slime:1)
  A sphinx (Vaults:4)
  6 thorn hunters
  Frances (Swamp:1)
  Roxanne (Swamp:2)
  A tengu reaver (Vaults:1)
  An azure jelly (Lair:6)
  A frost giant (Vaults:3)
  7 fire giants
  11 greater nagas
  A deep elf sorcerer (Elf:1)
  13 vault wardens
  Aizul (Vaults:2)
  An orc warlord (Orc:3)
  A balrug (Abyss:1)
  A war gargoyle (Vaults:4)
  8 stone giants
  14 ironheart preservers
  3 very ugly things
  4 salamander stormcallers
  Azrael (D:12)
  A deep elf demonologist (Vaults:4)
  A deep elf annihilator (Vaults:4)
  5 ettins (Vaults:4)
  An eidolon (Vaults:3)
  A deep elf death mage (Elf:2)
  A deep elf high priest (Elf:2)
  A fire dragon (Vaults:1)
  12 yaktaur captains
  4 great orbs of eyes
  33 vault guards
  Harold (Orc:3)
  3 ice dragons
  11 naga warriors
  22 hydras
  A hydra (shapeshifter) (Elf:1)
  A ghost crab (Swamp:4)
  3 catoblepae (Lair:8)
  8 anacondas
  Erica (Lair:1)
  8 centaur warriors
  11 ogre magi
  26 death yaks
  2 deep troll shamans
  12 dancing weapons
  12 alligators
  A thrashing horror (Abyss:1)
  6 orc high priests
  2 tengu warriors
  14 naga sharpshooters
  9 shock serpents
  4 spriggans
  13 deep elf knights
  40 slime creatures
  A wretched star (Abyss:1)
  A fire crab (Vaults:1)
  The ghost of JudasIscariot the Shield-Bearer, a novice DsFi of Makhleb (D:9)
  7 wizards
  A death drake (shapeshifter) (Vaults:1)
  2 shadow wraiths (Vaults:1)
  5 unseen horrors
  2 salamander mystics
  16 deep trolls
  5 deep elf summoners
  6 hill giants
  3 phantasmal warriors
  8 naga ritualists
  A necromancer (Vaults:3)
  A swamp dragon (shapeshifter) (Vaults:2)
  2 giant orange brains
  7 ironbrand convokers
  2 shambling mangroves
  Pikel (D:5)
  11 swamp dragons
  2 spriggan druids (Swamp:3)
  A large abomination (Abyss:1)
  12 harpies
  A cyclops (shapeshifter) (D:15)
  A cyclops (Vaults:2)
  6 deep elf conjurers
  3 hornets
  15 orc knights
  19 salamanders
  8 wolf spiders
  23 ugly things
  4 orc sorcerers
  4 griffons
  2 salamanders (shapeshifter) (Vaults:4)
  A sixfirhy (Abyss:1)
  2 shining eyes
  4 elephants (Lair:5)
  The ghost of septik the Twirler, a novice GrGl of Okawaru (D:6)
  16 mana vipers
  15 guardian serpents (Snake:4)
  3 centaur zombies
  An eye of devastation (shapeshifter) (D:15)
  2 oklob plants
  26 naga magi
  3 ice statues
  Psyche (D:8)
  15 vault sentinels
  A gargoyle (D:15)
  A black mamba (shapeshifter) (D:15)
  A torpor snail (Lair:7)
  44 black mambas
  A smoke demon (Abyss:1)
  6 centaur skeletons
  An orange demon (Abyss:1)
  5 komodo dragons
  22 spiny frogs
  5 kobold demonologists
  A hellion (Abyss:1)
  40 yaktaurs
  5 fire drakes
  A demonic crawler (Abyss:1)
  5 small abominations
  10 trolls
  2 ancient zymes (Abyss:1)
  13 deep elf priests
  A tengu conjurer (D:13)
  A blue devil (Abyss:1)
  16 two-headed ogres
  A wind drake (shapeshifter) (D:15)
  A jumping spider (Vaults:2)
  A bog body (Swamp:3)
  Grinder (D:6)
  Prince Ribbit (D:7)
  5 boulder beetles
  6 freezing wraiths
  8 giant leeches
  23 blink frogs
  2 shadows
  5 redbacks
  2 spriggans (shapeshifter)
  A trapdoor spider (D:10)
  4 wraiths
  Sigmund (D:3)
  A raiju (Abyss:1)
  A human (shapeshifter) (D:15)
  A vampire (D:13)
  4 wyverns
  57 yaks
  5 basilisks
  A ynoxinul (Abyss:1)
  2 hogs (shapeshifter)
  3 fire elementals (D:12)
  Grum (D:8)
  A hungry ghost (D:9)
  27 deep elf magi
  7 wolves
  9 hippogriffs
  A yaktaur simulacrum (Vaults:3)
  A golden eye (shapeshifter) (Vaults:1)
  17 vampire mosquitoes
  27 deep elf fighters
  44 nagas
  5 wargs
  3 mottled dragons
  17 swamp worms
  A water moccasin (shapeshifter) (Vaults:2)
  An ice beast (shapeshifter) (Vaults:3)
  15 water moccasins
  5 hell hounds
  A spider (shapeshifter) (Vaults:1)
  15 wasps
  14 porcupines
  2 eyes of draining (D:14)
  57 orc warriors
  9 swamp drakes
  14 ice beasts
  An eye of draining (shapeshifter) (Vaults:4)
  3 sky beasts
  45 ogres
  3 black bears
  A necrophage (D:6)
  13 boggarts
  2 slaves (D:5)
  17 centaurs
  8 big kobolds
  17 crocodiles
  5 phantoms
  20 giant frogs
  A brain worm (shapeshifter) (Vaults:3)
  8 gnoll sergeants (Bailey)
  A wyvern zombie (D:6)
  2 wyvern skeletons
  5 scorpions
  18 killer bees
  2 electric eels (Lair:3)
  6 wights
  6 crimson imps
  5 starcursed masses (Abyss:1)
  14 jellies
  2 quasits
  3 giant frog zombies
  26 orc priests
  Crazy Yiuf (D:5)
  6 gnoll shamans (Bailey)
  44 orc wizards
  6 hounds
  15 iguanas
  14 worker ants
  2 giant frog skeletons
  2 hell rats (Lair:7)
  18 sheep
  A worker ant zombie (D:7)
  27 gnolls
  54 river rats
  10 adders
  6 shadow imps
  An ufetubus (Abyss:1)
  An adder skeleton (D:4)
  2 worms (D:2)
  5 giant geckos
  247 orcs
  9 bats
  5 giant cockroaches
  6 hobgoblins
  13 jackals
  8 quokkas
  5 ball pythons
  A ball python skeleton (D:4)
  A giant gecko zombie (D:5)
  4 giant newts
  14 goblins
  35 kobolds
  A quokka skeleton (D:4)
  9 rats
  3 briar patches
  13 bushes
  131 fungi
  114 plants
2313 creatures vanquished.

Vanquished Creatures (collateral kills)
  2 dancing weapons (Elf:2)
  A spiny frog (Lair:3)
  A yak (Lair:6)
  A crocodile (Lair:3)
  2 river rats (Lair:6)
7 creatures vanquished.

Vanquished Creatures (others)
  A vault warden (Vaults:3)
  A blink frog (Abyss:1)
  A vampire (D:13)
  A spriggan (Swamp:4)
  2 deep elf magi (Vaults:3)
  A deep elf fighter (Vaults:3)
  A wasp (Swamp:1)
  3 orcs
  A bush (D:6)
  14 fungi
  15 plants
  7 starspawn tentacles (Abyss:1)
  12 starspawn tentacle segments (Abyss:1)
  20 toadstools (D:6)
80 creatures vanquished.

Grand Total: 2400 creatures vanquished

Notes
Turn   | Place    | Note
--------------------------------------------------------------
     0 | D:1      | root the Draconian Fire Elementalist began the quest for the Orb.
     0 | D:1      | Reached XP level 1. HP: 14/14 MP: 3/3
   263 | D:1      | Reached XP level 2. HP: 15/20 MP: 0/5
   329 | D:1      | You fall through a shaft!
   329 | D:2      | Found a stormy altar of Qazlal.
   443 | D:2      | Became a worshipper of Qazlal Stormbringer
   915 | D:2      | Reached XP level 3. HP: 26/26 MP: 3/6
  1396 | D:2      | Reached XP level 4. HP: 33/33 MP: 5/8
  1630 | D:1      | Reached * piety under Qazlal
  1938 | D:3      | Found a faded altar to an unknown god.
  1939 | D:3      | Noticed a phantom
  1956 | D:3      | Killed a phantom
  1956 | D:3      | Reached skill level 4 in Fire Magic
  1956 | D:3      | Reached XP level 5. HP: 38/38 MP: 0/9
  2134 | D:3      | Learned a level 3 spell: Conjure Flame
  2235 | D:3      | Found an iron altar of Okawaru.
  2312 | D:3      | Noticed Sigmund
  2517 | D:4      | Found a radiant altar of Vehumet.
  2937 | D:4      | Reached XP level 6. HP: 45/45 MP: 8/11
  3384 | D:4      | Found a shimmering altar of Xom.
  3441 | D:4      | Reached ** piety under Qazlal
  4017 | D:5      | Entered Level 5 of the Dungeon
  4067 | D:5      | Your scales start taking on a dull iron-grey colour.
  4067 | D:5      | Gained mutation: You can survive without breathing. [Grey Draconian growth]
  4067 | D:5      | Reached XP level 7. HP: 37/50 MP: 4/13
  4146 | D:5      | Noticed Crazy Yiuf
  4154 | D:5      | Killed Crazy Yiuf
  4233 | D:5      | Reached skill level 5 in Fire Magic
  4289 | D:5      | Noticed Pikel
  4346 | D:5      | Learned a level 4 spell: Sticky Flame
  4583 | D:5      | Killed Pikel
  4583 | D:5      | Reached skill level 5 in Spellcasting
  4583 | D:5      | Reached skill level 5 in Conjurations
  4583 | D:5      | Reached XP level 8. HP: 57/57 MP: 0/15
  4903 | D:5      | Reached skill level 6 in Fire Magic
  4927 | D:5      | Reached skill level 5 in Dodging
  5499 | D:6      | Reached *** piety under Qazlal
  5545 | D:6      | Noticed Grinder
  5641 | D:6      | Reached XP level 9. HP: 55/62 MP: 11/17
  5676 | D:6      | Found a blossoming altar of Fedhas.
  5694 | D:6      | Noticed an oklob plant
  5782 | D:6      | Killed Grinder
  5796 | D:6      | Noticed septik's ghost (novice GrGl)
  6078 | D:6      | Found a sacrificial altar of Ru.
  6200 | D:6      | Killed septik's ghost
  6200 | D:6      | Reached skill level 7 in Fire Magic
  6569 | D:6      | Found a staircase to the Ecumenical Temple.
  7194 | D:7      | Reached **** piety under Qazlal
  7314 | D:7      | Found an iron altar of Okawaru.
  7347 | D:7      | Noticed Prince Ribbit
  7373 | D:7      | Killed Prince Ribbit
  7374 | D:7      | Reached XP level 10. HP: 58/69 MP: 3/20
  7967 | D:6      | Reached skill level 8 in Fire Magic
  8430 | D:8      | Noticed Grum
  8549 | D:8      | Killed Grum
  8805 | D:8      | Noticed a hill giant
  8822 | D:8      | Killed a hill giant
  9019 | D:8      | Noticed Psyche
  9024 | D:8      | Killed Psyche
  9029 | D:8      | Gained mutation: You are resistant to hostile enchantments. [mutagenic meat]
  9372 | D:9      | Found a staircase to the Orcish Mines.
  9462 | D:9      | Reached ***** piety under Qazlal
  9462 | D:9      | Reached skill level 9 in Fire Magic
  9597 | D:9      | Reached XP level 11. HP: 74/74 MP: 14/23
  9897 | D:9      | Got a crystal dagger
  9898 | D:9      | Identified the +3 dagger "Penu" {pierce, *Drain rN+ MP+9 Dex+2} (You found it on level 9 of the Dungeon)
  9948 | D:9      | Found a staircase to the Lair.
  9954 | D:9      | Got a glittering emerald amulet
 10017 | D:9      | Found a burning altar of Makhleb.
 10120 | D:9      | Noticed JudasIscariot's ghost (novice DsFi)
 10142 | D:9      | Killed JudasIscariot's ghost
 10330 | Orc:1    | Entered Level 1 of the Orcish Mines
 11330 | Orc:3    | Reached ****** piety under Qazlal
 11349 | Orc:3    | Found a burning altar of Makhleb.
 11380 | Orc:3    | Found a flagged portal.
 11386 | Bailey   | Entered a bailey
 13008 | Orc:3    | Found a staircase to the Elven Halls.
 13322 | Orc:2    | Found Qaocris's Gadget Boutique.
 13330 | Orc:2    | Noticed Harold
 13367 | Orc:3    | Killed Harold
 13367 | Orc:3    | Reached skill level 10 in Fire Magic
 13488 | Orc:2    | Noticed an orc high priest
 13952 | Orc:2    | Noticed a soul eater
 13992 | Orc:2    | Noticed a soul eater
 14138 | Orc:2    | Killed an orc high priest
 14138 | Orc:2    | Reached skill level 1 in Invocations
 14224 | Orc:2    | Reached skill level 10 in Conjurations
 14382 | Orc:2    | Reached XP level 12. HP: 81/81 MP: 13/25
 14515 | Orc:2    | Found a roughly hewn altar of Beogh.
 14585 | Orc:2    | Found Ikoenir's Antique Armour Boutique.
 14590 | Orc:2    | Found Igotout's Magic Scroll Emporium.
 14726 | Orc:2    | Bought a +1 rod of clouds (11/11) for 1190 gold pieces
 14734 | Orc:1    | Found a roughly hewn altar of Beogh.
 15119 | Orc:4    | Entered Level 4 of the Orcish Mines
 15119 | Orc:4    | Found Ytumurpho's Book Shoppe.
 15129 | Orc:4    | Reached skill level 1 in Evocations
 15141 | Orc:3    | Reached skill level 1 in Shields
 15161 | Orc:3    | HP: 4/81 [poisoned by an orange demon]
 15167 | Orc:3    | HP: 4/81 [poisoned by an orange demon]
 15175 | Orc:3    | HP: 4/81 [poisoned by an orange demon]
 15716 | Lair:1   | Entered Level 1 of the Lair of Beasts
 15850 | Lair:1   | Noticed Erica
 15865 | Lair:1   | Killed Erica
 17428 | Lair:2   | Identified a -2 rod of the swarm (9/9) (You found it on level 2 of the Lair of Beasts)
 17664 | Lair:3   | Reached skill level 10 in Spellcasting
 17812 | Lair:3   | Noticed a seven-headed hydra
 17819 | Lair:3   | Killed a seven-headed hydra
 18228 | Lair:3   | Reached skill level 5 in Invocations
 18493 | Lair:3   | Identified the amulet of Mysticism {Gourm +Blink rF+ rC+ Stlth-} (You found it on level 9 of the Dungeon)
 19034 | Lair:3   | Reached skill level 10 in Dodging
 19990 | Lair:4   | Learned a level 5 spell: Fireball
 20089 | Lair:4   | Found a staircase to the Snake Pit.
 20324 | Lair:3   | Reached XP level 13. HP: 71/86 MP: 11/27
 20358 | Lair:3   | Reached skill level 5 in Evocations
 21173 | Lair:5   | Reached skill level 5 in Shields
 21320 | Lair:5   | Learned a level 2 spell: Stoneskin
 21360 | Lair:5   | Reached skill level 1 in Earth Magic
 22497 | Lair:5   | Found a staircase to the Swamp.
 23298 | Lair:6   | Found a staircase to the Slime Pits.
 23726 | Lair:7   | Reached skill level 5 in Earth Magic
 23959 | Lair:7   | Reached skill level 11 in Dodging
 24379 | Lair:7   | Reached XP level 14. HP: 77/93 MP: 23/28
 25658 | Lair:8   | Entered Level 8 of the Lair of Beasts
 25668 | Lair:8   | Got an iridescent hand axe
 27637 | Lair:8   | Got a steaming steel ring
 27638 | Lair:8   | Identified the ring of Xedgh {rN+ MP+9 Int-2 Dex+3} (You found it on level 8 of the Lair of Beasts)
 28092 | Orc:2    | Bought a scroll of acquirement for 728 gold pieces
 28092 | Orc:2    | Bought 2 scrolls of identify for 56 gold pieces
 28092 | Orc:2    | Bought a scroll of identify for 28 gold pieces
 28092 | Orc:2    | Bought a scroll of identify for 28 gold pieces
 28316 | Orc:3    | Reached skill level 12 in Dodging
 28611 | Orc:4    | Noticed an orc warlord
 28671 | Orc:3    | Killed an orc warlord
 29039 | Orc:4    | Found Jariluov's Antique Armour Boutique.
 29092 | Orc:4    | Bought a pair of embroidered gloves for 144 gold pieces
 29186 | Orc:4    | Found Ritautha's Antique Weapon Boutique.
 29402 | Orc:4    | Found Xureph's General Store.
 29602 | Orc:2    | Bought a pair of glowing gloves for 175 gold pieces
 29797 | Lair:2   | Identified the +2 hand axe of Blood {holy, Int+4} (You found it on level 8 of the Lair of Beasts)
 30043 | Elf:1    | Entered Level 1 of the Elven Halls
 30055 | Elf:1    | Reached XP level 15. HP: 92/99 MP: 29/29
 30268 | Elf:1    | Reached skill level 1 in Staves
 30349 | Elf:1    | Noticed a deep elf sorcerer
 30354 | Elf:1    | Killed a deep elf sorcerer
 31815 | Elf:2    | Found Cerepucw's Assorted Antiques.
 32182 | Elf:2    | Found a deep blue altar of Sif Muna.
 32208 | Elf:2    | Reached skill level 10 in Evocations
 32438 | Elf:2    | Found a huge runed gate.
 32438 | Elf:2    | Found a huge runed gate.
 32438 | Elf:2    | Found a huge runed gate.
 34204 | D:10     | Entered Level 10 of the Dungeon
 34885 | D:10     | Lost mutation: You are resistant to hostile enchantments. [potion of cure mutation]
 34887 | D:10     | Gained mutation: You have large cloven feet. [potion of mutation]
 34887 | D:10     | Gained mutation: You are dopey. (Int -2) [potion of mutation]
 35129 | D:11     | Reached skill level 10 in Shields
 35129 | D:11     | Reached skill level 10 in Earth Magic
 35310 | D:11     | Found a frozen archway.
 35333 | IceCv    | Entered an ice cave
 36742 | D:12     | Noticed Azrael
 37175 | D:12     | Killed Azrael
 37974 | D:13     | Reached skill level 5 in Staves
 38254 | D:13     | Reached XP level 16. HP: 78/105 MP: 19/30
 38437 | D:13     | Found a gate to the Vaults.
 38451 | D:13     | Learned a level 5 spell: Bolt of Magma
 38934 | D:14     | Reached skill level 13 in Dodging
 39354 | Lair:1   | Noticed a seven-headed hydra
 39363 | Lair:1   | Killed a seven-headed hydra
 40228 | D:15     | Entered Level 15 of the Dungeon
 41607 | D:15     | Found a staircase to the Depths.
 42751 | Elf:2    | Noticed a deep elf blademaster
 42764 | Elf:2    | Killed a deep elf blademaster
 44423 | D:3      | Killed Sigmund
 44658 | D:3      | Upgraded the game from 0.17.0-23-g0de4337 to 0.17.0-24-gcfadda4
 45026 | Swamp:1  | Entered Level 1 of the Swamp
 45442 | Swamp:1  | Noticed Frances
 45453 | Swamp:1  | Killed Frances
 46809 | Swamp:2  | Reached XP level 17. HP: 111/111 MP: 24/31
 47435 | Swamp:2  | Noticed Roxanne
 47488 | Swamp:2  | Killed Roxanne
 48549 | Swamp:3  | Reached skill level 14 in Dodging
 49492 | Swamp:4  | Entered Level 4 of the Swamp
 51165 | Swamp:4  | Got a decaying rune of Zot
 51763 | Elf:2    | Bought a metal-bound book for 420 gold pieces
 51763 | Elf:2    | Bought a scroll of magic mapping for 98 gold pieces
 51763 | Elf:2    | Bought a scroll of identify for 56 gold pieces
 51763 | Elf:2    | Bought a scroll labeled RIOGEL GUBAOR for 28 gold pieces
 51766 | Elf:2    | Got a bloodstained great sword
 52071 | D:13     | Got a brightly glowing broad axe {holy}
 52073 | D:13     | Identified the +1 broad axe "Gokh" {holy, Str+4} (You took it off a deep elf mage on level 13 of the Dungeon)
 52111 | D:13     | Identified the +4 great sword "Lemo" {slice, rF- rN++ Int+5} (You found it on level 2 of the Elven Halls)
 52834 | D:6      | Killed an oklob plant
 53136 | Snake:1  | Entered Level 1 of the Snake Pit
 54044 | Snake:1  | Found an ancient bone altar of Kikubaaqudgha.
 54146 | Snake:1  | Reached XP level 18. HP: 91/117 MP: 29/32
 56332 | Snake:3  | Found Zir Kosa's Assorted Antiques.
 56372 | Snake:3  | Bought 2 murky red potions for 64 gold pieces
 56372 | Snake:3  | Bought a scroll labeled PAROJE CYGE for 36 gold pieces
 56372 | Snake:3  | Bought a scroll of identify for 72 gold pieces
 56422 | Snake:3  | Found Toul's Jewellery Boutique.
 56599 | Snake:3  | Found Rimetaps's Magic Scroll Shop.
 56897 | Snake:4  | Entered Level 4 of the Snake Pit
 56914 | Snake:3  | Reached skill level 15 in Dodging
 57746 | Snake:4  | Reached skill level 10 in Staves
 58103 | Snake:4  | Found Ludephuc's Antique Weapon Emporium.
 58248 | Snake:4  | Found Okyphine's Food Shop.
 58838 | Snake:4  | Reached XP level 19. HP: 92/123 MP: 7/33
 59406 | Snake:4  | Got a serpentine rune of Zot
 59782 | Lair:2   | Upgraded the game from 0.17.0-24-gcfadda4 to 0.17.0-28-g6e173f8
 59949 | Slime:1  | Entered Level 1 of the Pits of Slime
 60310 | Slime:1  | Reached skill level 15 in Earth Magic
 60683 | Slime:2  | Noticed Dissolution
 60694 | Slime:1  | Paralysed by a giant eyeball for 4 turns
 61418 | Vaults:1 | Entered Level 1 of the Vaults
 62886 | Vaults:1 | Reached skill level 16 in Dodging
 62966 | Vaults:1 | Reached XP level 20. HP: 52/129 MP: 2/34
 64037 | Vaults:2 | Reached skill level 15 in Evocations
 64109 | Vaults:2 | Noticed Aizul
 64125 | Vaults:2 | Killed Aizul
 64303 | Vaults:2 | Noticed Canard's ghost (adept TeBe)
 66156 | Lair:2   | Learned a level 4 spell: Petrify
 66622 | Vaults:2 | Found a shimmering altar of Xom.
 66672 | Vaults:2 | Reached skill level 1 in Fighting
 67125 | Vaults:2 | Found Roam's Book Shop.
 68637 | Vaults:3 | Found a staircase to the Crypt.
 68668 | Vaults:3 | Reached skill level 15 in Shields
 69596 | Vaults:2 | Killed Canard's ghost
 71416 | Vaults:3 | Found a gateway to a bazaar.
 71441 | Bazaar   | Entered a bazaar
 71444 | Bazaar   | Found Joecvif's Distillery.
 71464 | Bazaar   | Found Ruoss's Gadget Boutique.
 71488 | Bazaar   | Found Zechax's Book Boutique.
 71504 | Bazaar   | Found Kuischawa's Magic Scroll Emporium.
 71512 | Bazaar   | Bought a scroll of acquirement for 468 gold pieces
 71513 | Bazaar   | Got a pair of faintly humming boots
 71524 | Bazaar   | Identified the +0 pair of boots "Ecieciu" {MP-9 SInv Stlth+} (You acquired it in a bazaar)
 71536 | Bazaar   | Found Coesa's Distillery.
 71639 | Bazaar   | Bought a scroll of recharging for 85 gold pieces
 71639 | Bazaar   | Bought a scroll of blinking for 67 gold pieces
 71639 | Bazaar   | Bought a scroll of enchant armour for 67 gold pieces
 71639 | Bazaar   | Bought a scroll of magic mapping for 31 gold pieces
 71639 | Bazaar   | Bought a scroll of enchant armour for 67 gold pieces
 71639 | Bazaar   | Bought a scroll of identify for 18 gold pieces
 71639 | Bazaar   | Bought a scroll of identify for 18 gold pieces
 71760 | Vaults:4 | Reached skill level 17 in Earth Magic
 71809 | Vaults:4 | Reached XP level 21. HP: 143/150 MP: 7/35
 72037 | Vaults:4 | Reached skill level 5 in Fighting
 72518 | Vaults:4 | Noticed Jorgrun
 72534 | Vaults:4 | Killed Jorgrun
 73962 | Vaults:5 | Entered Level 5 of the Vaults
 75250 | Vaults:4 | Reached skill level 18 in Earth Magic
 75893 | Vaults:5 | Noticed an ancient lich
 75897 | Vaults:5 | Cast into the Abyss (a deep elf sorcerer)
 75905 | Abyss:1  | Found a roughly hewn altar of Beogh.
 76199 | Abyss:1  | Found a corrupted altar of Lugonu.
 76222 | Abyss:1  | Reached XP level 22. HP: 52/137 MP: 27/36
 76243 | Abyss:1  | Got a pair of bloodstained gloves
 76267 | Abyss:1  | Identified the +3 pair of gloves of Daisies {rN+ Int+3} (You found it on level 1 of the Abyss)
 76403 | Abyss:1  | Paralysed by accursed screaming for 1 turns
 76423 | Abyss:1  | HP: 6/172 [starcursed mass/accursed screaming (5)]
 76443 | Abyss:1  | HP: 5/172 [starcursed mass/accursed screaming (4)]
 76446 | Abyss:1  | Killed from afar by a starcursed mass

Action                   |  1- 3 |  4- 6 |  7- 9 | 10-12 | 13-15 | 16-18 | 19-21 | 22-24 || total
-------------------------+-------+-------+-------+-------+-------+-------+-------+-------++-------
Melee: Unarmed           |     9 |       |       |       |       |       |       |       ||     9
       Dagger            |    29 |    45 |    24 |       |       |       |       |       ||    98
       Whip              |       |       |   138 |   374 |   263 |       |       |       ||   775
       Glaive            |       |       |       |    17 |       |       |       |       ||    17
       Staff             |       |       |       |    17 |   618 |  1038 |  2127 |    35 ||  3835
       Rod               |       |       |       |       |     4 |    12 |       |       ||    16
 Cast: Flame Tongue      |    58 |   104 |   212 |   543 |   397 |   253 |    31 |       ||  1598
       Conjure Flame     |       |     8 |    17 |    11 |    42 |   105 |    26 |       ||   209
       Sticky Flame      |       |       |     4 |   124 |   228 |   199 |   126 |       ||   681
       Fireball          |       |       |       |     4 |    16 |     9 |    19 |       ||    48
       Stoneskin         |       |       |       |       |    27 |    32 |    53 |     1 ||   113
       Bolt of Magma     |       |       |       |       |       |    31 |    16 |       ||    47
Invok: Elemental Force   |       |       |       |       |     1 |       |       |       ||     1
       Upheaval          |       |       |       |       |    12 |    11 |     1 |       ||    24
 Abil: Evoke Blink       |       |       |       |       |       |    10 |     2 |       ||    12
Evoke: Rod               |       |       |       |     1 |    44 |    81 |    37 |       ||   163
       Wand              |       |       |       |       |     2 |     7 |     6 |     3 ||    18
       Box of beasts     |       |       |       |       |     1 |       |       |       ||     1
       Phial of floods   |       |       |       |       |     1 |       |       |       ||     1
  Use: Scroll            |       |       |       |    19 |    22 |    14 |     5 |     1 ||    61
       Potion            |       |       |       |     1 |     7 |     4 |     2 |     2 ||    16
 Stab: Confused          |       |       |       |       |       |     3 |     5 |       ||     8
       Distracted        |       |       |       |       |       |       |     1 |       ||     1
  Eat: Chunk             |     2 |     9 |     5 |    52 |    97 |   109 |    93 |       ||   367
       Meat ration       |       |       |     1 |       |       |     1 |       |       ||     2
       Beef jerky        |       |       |     1 |       |       |     1 |       |       ||     2
       Bread ration      |       |       |       |       |       |       |     3 |       ||     3
